 Dungeon Crawl Stone Soup version 0.31.0-11-ge490571c62 (webtiles) character file.

Game seed: 11263095629165568057

557 Arctor the Magician (level 7, -6/36 HPs)
             Began as a Deep Elf Fire Elementalist on Feb 3, 2024.
             Was a Follower of Vehumet.
             Mangled by an orc warrior
             ... wielding a +0 quarterstaff
              (17 damage)
             ... on level 4 of the Dungeon.
             The game lasted 00:04:16 (5855 turns).

Arctor the Magician (Deep Elf Fire Elementalist)    Turns: 5855, Time: 00:04:17

Health: -6/36      AC:  5    Str:  5    XL:     7   Next: 9%
Magic:  10/16      EV: 14    Int: 22    God:    Vehumet [*.....]
Gold:   247        SH:  0    Dex: 15    Spells: 13/16 levels left

rFire   . . .        (no weapon)
rCold   . . .        n - orb {light}
rNeg    . . .        a - +1 robe
rPois   .            v - +0 helmet
rElec   .            m - +0 cloak
rCorr   .            (no gloves)
SInv    .            (no boots)
Will    .....        (no amulet)
Stlth   +            (no ring)
HPRegen 0.26/turn    (no ring)
MPRegen 0.15/turn

%: no passive effects
@: lethally poisoned (-6 -> -10), glowing
A: no striking features
a: Renounce Religion


You were on level 4 of the Dungeon.
You worshipped Vehumet.
Vehumet was aware of your devotion.
You visited 1 branch of the dungeon, and saw 5 of its levels.

You collected 247 gold pieces.

Inventory:

Missiles
 t - a throwing net
Armour
 a - a +1 robe (worn)
 m - a +0 cloak (worn)
 n - an orb of light (worn)
 v - a +0 helmet (worn)
Scrolls
 e - a scroll of immolation
 h - a scroll of teleportation
 i - a scroll of torment
 k - a scroll of fog
 q - 2 scrolls of poison
Potions
 b - 2 potions of magic
 c - 3 potions of attraction {unknown}
 d - 3 potions of curing {unknown}
 f - a potion of heal wounds {unknown}
 j - a potion of resistance {unknown}
 l - a potion of might {unknown}
 o - a potion of cancellation {unknown}
 s - a potion of brilliance {unknown}
 u - a potion of mutation {unknown}


   Skills:
 + Level 4.6 Dodging
 + Level 5.0 Stealth
 + Level 5.2 Spellcasting
 + Level 3.6 Conjurations
 + Level 5.0 Fire Magic


You had 13 spell levels left.
You knew the following spells:

 Your Spells              Type           Power      Damage    Failure   Level
a - Foxfire               Conj/Fire      96%        2x1d8     1%          1
b - Scorch                Fire           54%        2d7       1%          2

Your spell library contained the following spells:

 Spells                   Type           Power      Damage    Failure   Level
 Magic Dart               Conj           88%        1d7       2%          1
 Inner Flame              Hex/Fire       16%        N/A       11%         3
 Volatile Blastmotes      Fire/Tloc      32%        2d12      11%         3
 Flame Wave               Conj/Fire      24%        2d8       17%         4
 Fireball                 Conj/Fire      12%        3d7       43%         5
 Cause Fear               Hex            2%         N/A       69%         4
 Dragon's Call            Summ           2%         N/A       100%        9


Dungeon Overview and Level Annotations

Branches:
Dungeon (5/15)
 Temple: D:4-7

Altars:
Gozag
Hepliaklqana
Kikubaaqudgha
Vehumet
Yredelemnul
Zin

Annotations:
D:1 2 transporters


Message History

You start resting.
Magic restored.
You start resting.
HP restored.
You climb downwards.
The orc warrior hits you with a +0 quarterstaff.
The adder bites you.
The orc warrior hits you with a +0 quarterstaff.
The adder closely misses you.
There is a stone staircase leading up here.
Casting: Scorch (safe; 1% risk of failure)
Confirm with . or Enter, or press ? or * to list all spells.
Okay, then.
The adder misses you. The orc warrior barely misses you.
The orc hits you with a +0 hand axe.
You climb upwards.
There is a stone staircase leading down here.
Casting: Scorch (safe; 1% risk of failure)
Confirm with . or Enter, or press ? or * to list all spells.
Flames lash the adder.
The adder is almost dead.
The adder's fire resistance burns away.
The adder bites you.
The orc warrior hits you with a +0 quarterstaff!
The orc misses you.
Casting: Scorch (safe; 1% risk of failure)
Confirm with . or Enter, or press ? or * to list all spells.
Flames lash the orc warrior.
The orc warrior is moderately wounded.
The orc warrior's fire resistance burns away.
The adder misses you. The orc warrior misses you. The orc misses you.
The adder bites you.
Casting: Scorch (safe; 1% risk of failure)
Confirm with . or Enter, or press ? or * to list all spells.
Flames lash the orc.
The orc is severely wounded.
The orc's fire resistance burns away.
The adder bites you.
You are poisoned.
The adder poisons you!
The orc warrior hits you with a +0 quarterstaff!
You die...

#.###...........
###..#######.####<
#.........##.##...
#.......#.##.##.#.
#.......#........)
#.......#....##.#.
#...............#.
#oo.............#.
#@S....>.......##.
####.####....####.
#.####....# #.
#..ยง...#### ##
########


You could see an orc warrior (combustible), an adder (combustible) and an orc
(combustible).

Vanquished Creatures
  A black bear (D:4)
  An ogre (D:5)
  2 scorpions (D:5)
  A bombardier beetle (D:3)
  A sleepcap (D:4)
  An iguana (D:4)
  6 adders
  3 gnolls (D:4)
  A shadow imp (D:5)
  2 ufetubi (D:5)
  2 dart slugs
  2 ribbon worms
  3 orcs
  8 ball pythons
  5 endoplasms
  A giant cockroach (D:3)
  5 goblins
  7 hobgoblins
  6 jackals (D:2)
  3 kobolds
  3 quokkas
  10 bats
  A frilled lizard (D:3)
  4 rats
79 creatures vanquished.

Vanquished Creatures (others)
  555 foxfires
555 creatures vanquished.

Grand Total: 634 creatures vanquished

Notes
Turn   | Place    | Note
-------+----------+-------------------------------------------
     0 | D:1      | Arctor the Deep Elf Fire Elementalist began the quest for
                  | the Orb.
     0 | D:1      | Reached XP level 1. HP: 10/10 MP: 6/6
   252 | D:1      | Reached XP level 2. HP: 15/15 MP: 2/8
   747 | D:1      | Found a faded altar of an unknown god.
  1479 | D:2      | Reached XP level 3. HP: 19/19 MP: 5/9
  2024 | D:2      | Reached XP level 4. HP: 24/24 MP: 4/11
  2188 | D:2      | Learned a level 2 spell: Scorch
  3008 | D:3      | Reached XP level 5. HP: 28/28 MP: 9/13
  3173 | D:3      | Found a hazy altar of Hepliaklqana.
  3173 | D:3      | Found a radiant altar of Vehumet.
  3240 | D:3      | Became a worshipper of Vehumet
  3981 | D:4      | Found a basalt altar of Yredelemnul.
  4014 | D:4      | Noticed a black bear
  4025 | D:4      | Killed a black bear
  4026 | D:4      | Reached XP level 6. HP: 24/32 MP: 2/14
  4120 | D:4      | Found an ancient bone altar of Kikubaaqudgha.
  4688 | D:4      | Found a glowing silver altar of Zin.
  4795 | D:5      | Entered Level 5 of the Dungeon
  5078 | D:5      | Reached skill level 5 in Spellcasting
  5200 | D:5      | Reached * piety under Vehumet
  5200 | D:5      | Offered knowledge of Magic Dart by Vehumet.
  5320 | D:5      | Found an opulent altar of Gozag.
  5692 | D:5      | Reached skill level 5 in Stealth
  5692 | D:5      | Reached skill level 5 in Fire Magic
  5692 | D:5      | Reached XP level 7. HP: 36/36 MP: 9/16
  5855 | D:4      | Mangled by an orc warrior

Illustrated notes

Levels and vault maps discovered:
D:1:      spicycebolla_arrival_transporter_tutorial, layout_basic,
          basic_ecumenical_altar
D:2:      minmay_general_purpose_star, layout_basic
D:3:      layout_rooms, chequers_temple_overflow_statue_of_worship,
          kennysheep_doodads
D:4:      layout_loops_cross, general_overflow_altar, mainiacjoe_overflow_paths,
          lemuel_round_altar, serial_glass, glass_columns_a, glass_columns_a,
          glass_columns_a, glass_columns_a, glass_columns_a, glass_columns_a
D:5:      layout_rooms, lemuel_doored_altar, kennysheep_generic_room_16

Skill      XL: |  1  2  3  4  5  6 |
---------------+-------------------+-----
Stealth        | 3 4 5 |  5.0
Dodging        | 3 4 |  4.6
Conjurations   | 2 3 |  3.6
Spellcasting   | 4 5 |  5.2
Fire Magic     | 4 5 |  5.0

Action                     |  1- 3 |  4- 6 |  7- 9 || total
---------------------------+-------+-------+-------++-------
  Melee: Unarmed           |     1 |     3 |       ||     4
   Cast: Foxfire           |   125 |   207 |     7 ||   339
         Scorch            |       |     9 |     6 ||    15
    Use: Scroll            |       |     7 |       ||     7
 Armour: Robe              |    14 |    23 |    10 ||    47
  Dodge: Dodged            |    24 |    38 |    11 ||    73
